 Dungeon Crawl Stone Soup version 0.27-a0-1200-g94dc6ad (webtiles) character file.

Game seed: 8764853980483108587

208 Meow the Sneak (level 5, 38/42 HPs)
             Began as a Naga Venom Mage on May 30, 2021.
             Quit the game on level 3 of the Dungeon.
             The game lasted 00:12:58 (3037 turns).

Meow the Sneak (Naga Venom Mage)                    Turns: 3037, Time: 00:12:59

Health: 38/42      AC:  2    Str: 10    XL:     5   Next: 86%
Magic:  9/10       EV:  9    Int: 17    God:
Gold:   78         SH:  0    Dex: 11    Spells: 3/10 levels left

rFire    + . .     SeeInvis +   a - +0 hand axe
rCold    + . .     Faith    .   (no shield)
rNeg     . . .     Spirit   .   d - +0 robe
rPois    +         Reflect  .   (no helmet)
rElec    .         Harm     .   c - scarf {rC+ rF+}
rCorr    .         Rampage  .   (no gloves)
Will     .....                  (no barding)
Stlth    +++.......             (no amulet)
HPRegen  0.14/turn              (no ring)
MPRegen  0.12/turn              (no ring)

@: short of breath, very slow
A: AC +1, large, see invisible, deformed body, poison resistance, slowness 2,
spit poison 1, naga tail 1
a: Spit Poison


You were on level 3 of the Dungeon.
You visited 1 branch of the dungeon, and saw 4 of its levels.

You collected 78 gold pieces.

Inventory:

Hand Weapons
 a - a +0 hand axe (weapon)
Missiles
 b - 16 bolts
 e - a boomerang
 g - 101 stones (quivered)
 h - 18 arrows
 j - a throwing net
 t - 13 sling bullets
Armour
 c - a scarf of resistance (worn)
 d - a +0 robe (worn)
Magical Staves
 k - a staff of earth
Scrolls
 f - a scroll of immolation {unknown}
 l - a scroll of fog {unknown}
 m - a scroll of magic mapping {unknown}
 p - 3 scrolls of teleportation
 u - a scroll of enchant armour {unknown}
Potions
 i - a potion of might
 o - a potion of attraction {unknown}
 q - a potion of mutation {unknown}
 r - a potion of brilliance {unknown}
 s - a potion of curing {unknown}


   Skills:
 - Level 1.5 Dodging
 * Level 6.5 Stealth
 + Level 3.4 Spellcasting
 + Level 2.3 Conjurations
 - Level 1.0 Transmutations
 - Level 4.0 Poison Magic


You had 3 spell levels left.
You knew the following spells:

 Your Spells              Type           Power      Damage    Failure   Level
a - Sting                 Tmut/Pois      44%        1d5       6%          1
c - Mephitic Cloud        Conj/Pois/Air  10%        N/A       22%         3
C - Ignite Poison         Fire/Tmut/Pois 8%         N/A       26%         3

Your spell library contained the following spells:

 Spells                   Type           Power      Damage    Failure   Level
 Poisonous Vapours        Pois/Air       18%        N/A       11%         2
 Olgreb's Toxic Radiance  Pois           16%        N/A       32%         4


Dungeon Overview and Level Annotations

Branches:
Dungeon (4/15)
 Temple: D:4-7

Altars:
Qazlal
Ru


Innate Abilities, Weirdness & Mutations

Your serpentine skin is tough. (AC +1)
You have supernaturally acute eyesight. (SInv)
Armour fits poorly on your strangely shaped body.
Your system is resistant to poisons. (rPois)
You cover ground very slowly.
You can spit poison.
You have a snake-like lower body.


Message History

Natasha is almost dead.
You have got your breath back.
Natasha closely misses you.
Press: ? - help, Shift-Dir - straight line, f/p - Natasha
Aim: Natasha (almost dead, very poisoned)
The splash of poison misses Natasha.
The splash of poison misses the crimson imp.
You kill Natasha!
Natasha growls in agony!
The crimson imp disappears in a puff of smoke!
There is a stone staircase leading down here.
You start resting.
You have got your breath back.
Done exploring.
Done exploring.
A rat comes into view.
The rat moves out of view.
Magic restored.
Really slither into that dispersal trap? [Y]es or [N]o only, please.
Really slither into that dispersal trap?
You enter a dispersal trap!
The rat blinks!
You blink.
A rat is nearby!
A rat is nearby!
A rat is nearby!
A rat is nearby!
Press: ? - help, Shift-Dir - straight line, f - rat
Aim: a rat (wandering, hasn't noticed you)
The splash of poison misses the rat.
Unknown command.
Casting: Sting (safe; 6% risk of failure)
Confirm with . or Enter, or press ? or * to list all spells.
Aiming: Sting (safe; 6% risk of failure)
Press: ? - help, Shift-Dir - straight line, f/p - rat
Aim: a rat (71% to hit)
The sting hits the rat.
The rat is poisoned.
You kill the rat!
Unknown command.
Done exploring.
Are you sure you want to abandon this character and quit the game? (Confirm with "yes".)

.# ##...####+#######.#....# # .#
#.................#...## #
.####..........#########..# #
...##..............#####..# #
...##.....................# #
<..##.............^.......#######
.####....................>.......
.# #....................########
.# #...........@........# .#
#....................# .#
###########..........# .#
#..........# .# #.[........# .#
#..........# .# #..........######
.##############...............#
..............#######.........#


There were no monsters in sight!

Vanquished Creatures
  An iguana (D:3)
  Natasha (D:3)
  3 gnolls (D:3)
  4 adders
  An adder skeleton (D:3)
  A worm (D:2)
  3 dart slugs
  4 orcs (D:3)
  6 ball pythons
  5 bats
  7 endoplasms
  A giant cockroach (D:1)
  8 goblins
  4 hobgoblins
  7 jackals (D:1)
  3 kobolds
  6 quokkas
  2 frilled lizards
  6 rats
73 creatures vanquished.

Vanquished Creatures (others)
  3 withered plants (D:1)
3 creatures vanquished.

Grand Total: 76 creatures vanquished

Notes
Turn   | Place    | Note
-------+----------+-------------------------------------------
     0 | D:1      | Meow the Naga Venom Mage began the quest for the Orb.
     0 | D:1      | Reached XP level 1. HP: 15/15 MP: 3/3
   244 | D:1      | Reached XP level 2. HP: 20/22 MP: 0/5
   573 | D:1      | Reached skill level 4 in Stealth
   670 | D:1      | Found a faded altar of an unknown god.
   677 | D:1      | Reached XP level 3. HP: 28/28 MP: 6/6
   681 | D:1      | Learned a level 3 spell: Mephitic Cloud
   685 | D:1      | Learned a level 3 spell: Ignite Poison
   699 | D:1      | Reached skill level 1 in Conjurations
  1453 | D:2      | Reached XP level 4. HP: 36/36 MP: 5/8
  1833 | D:2      | Reached skill level 5 in Stealth
  2715 | D:3      | Reached XP level 5. HP: 28/42 MP: 1/9
  2909 | D:4      | Found a sacrificial altar of Ru.
  2909 | D:4      | Found a stormy altar of Qazlal.
  2911 | D:4      | Reached skill level 6 in Stealth
  3011 | D:3      | Noticed Natasha
  3018 | D:3      | Killed Natasha
  3037 | D:3      | Quit the game

Illustrated notes

Levels and vault maps discovered:
D:1:      amcnicky_arrival_feature_with_door, layout_basic,
          ebering_ecumenical_altar_petrified, hangedman_decor_push
D:2:      layout_loops_ring, minmay_misc_feat_four_crosses
D:3:      layout_basic, uniq_natasha, uniq_robin
D:4:      layout_rooms, grunt_temple_overflow_open, uniq_sigmund, uniq_grinder

Skill      XL: |  1  2  3  4  5 |
---------------+----------------+-----
Stealth        | 4 5 6 |  6.5
Conjurations   | 1 2 |  2.3
Spellcasting   | 3 |  3.4
Dodging        | |  1.5
Transmutations | |  1.0
Poison Magic   | |  4.0

Action                   |  1- 3 |  4- 6 || total
-------------------------+-------+-------++-------
Melee: Hand axe          |     3 |    21 ||    24
Throw: Boomerang         |     7 |     2 ||     9
       Stone             |     5 |    19 ||    24
 Cast: Sting             |    21 |    32 ||    53
       Mephitic Cloud    |       |     4 ||     4
       Ignite Poison     |       |     1 ||     1
 Abil: Spit Poison       |    46 |    40 ||    86
  Use: Scroll            |     2 |     1 ||     3
       Potion            |       |     1 ||     1
 Stab: Sleeping          |       |     1 ||     1
Armor: Robe              |    10 |     9 ||    19
Dodge: Dodged            |    12 |    24 ||    36

Table legend: (Time is in decaauts)
 A = Elapsed time spent in this place.
 B = Non-inter-level travel time spent in this place.
 C = Inter-level travel time spent in this place.
 D = Time resting spent in this place.
 E = Time spent auto-exploring this place.
 F = Levels seen in this place.
 G = Mean time per level.
                   A        B        C        D        E       F      G
               +--------+--------+--------+--------+--------+-----+--------+
         Total |   3804 |   3708 |     96 |    820 |   2162 |   4 |  951.0 |
       Dungeon |   3804 |   3708 |     96 |    820 |   2162 |   4 |  951.0 |
               +--------+--------+--------+--------+--------+-----+--------+

Top non-repeatable levels by time:
     D:3: 1297 daAuts
     D:2: 1273 daAuts
     D:1: 1224 daAuts
     D:4: 10 daAuts
